 Dungeon Crawl Stone Soup version 0.30-a0-776-g08fbeb92c1 (webtiles) character file.

Game seed: 1722506764217360683

309 Drevant2 the Ducker (level 6, -2/51 HPs)
             Began as a Gnoll Gladiator on Feb 13, 2023.
             Slain by an orc
             ... wielding a +0 mace
              (7 damage)
             ... on level 4 of the Dungeon.
             The game lasted 00:05:11 (2927 turns).

Drevant2 the Ducker (Gnoll Gladiator)               Turns: 2927, Time: 00:05:12

Health: -2/51      AC:  9    Str: 12    XL:     6   Next: 41%
Magic:  9/9        EV:  7    Int:  7    God:
Gold:   232        SH:  0    Dex: 15    Spells: 9/9 levels left

rFire   . . .      SeeInvis .    a - +0 trident
rCold   . . .      Faith    .    (no shield)
rNeg    . . .      Spirit   .    j - +0 chain mail
rPois   .          Reflect  .    c - +0 helmet
rElec   .          Harm     .    (no cloak)
rCorr   .          Rampage  .    (no gloves)
Will    +....                    (no boots) Stlth
                                 (no amulet)
HPRegen 0.28/turn                (no ring)
MPRegen 0.11/turn                (no ring)

@: no status effects
A: fangs 1, strong nose, distributed training, strong-willed 1, weak 1
a: no special abilities


You were on level 4 of the Dungeon.
You visited 1 branch of the dungeon, and saw 4 of its levels.

You collected 232 gold pieces.

Inventory:

Hand Weapons
 a - a +0 trident (weapon)
Missiles
 d - 2 throwing nets (quivered)
 e - a javelin
Armour
 b - a +0 leather armour
 c - a +0 helmet (worn)
 j - a +0 chain mail (worn)
Wands
 h - a wand of iceblast (4)
Scrolls
 f - a scroll of immolation
 k - 2 scrolls of teleportation
 l - a scroll of fear {unknown}
 m - a scroll of identify {unknown}
Potions
 g - a potion of degeneration


   Skills:
 + Level 5.0 Fighting
 + Level 2.0 Short Blades
 + Level 2.0 Long Blades
 + Level 2.0 Axes
 + Level 2.0 Maces & Flails
 + Level 6.8 Polearms
 + Level 2.0 Staves
 + Level 2.0 Ranged Weapons
 + Level 5.0 Throwing
 + Level 2.0 Armour
 + Level 6.8 Dodging
 + Level 2.0 Stealth
 + Level 2.0 Shields
 + Level 2.0 Unarmed Combat
 + Level 2.0 Spellcasting
 + Level 1.6 Conjurations
 + Level 1.6 Hexes
 + Level 1.6 Summonings
 + Level 1.6 Necromancy
 + Level 1.6 Translocations
 + Level 1.6 Transmutations
 + Level 1.6 Fire Magic
 + Level 1.6 Ice Magic
 + Level 1.6 Air Magic
 + Level 1.6 Earth Magic
 + Level 1.6 Poison Magic
 + Level 2.2 Invocations
 + Level 2.0 Evocations


You had 9 spell levels left.
You didn't know any spells.
Your spell library contained the following spells:

 Spells                   Type           Power      Damage    Failure   Level
 Apportation              Tloc           4%         N/A       100%        1
 Kiss of Death            Conj/Necr      8%         2d6       100%        1
 Necrotise                Necr           8%         1d4       100%        1
 Summon Small Mammal      Summ           8%         N/A       100%        1
 Cigotuvi's Dreadful Rot  Necr/Pois/Air  4%         N/A       100%        2
 Confusing Touch          Hex            2%         N/A       100%        3
 Dispel Undead            Necr           2%         3d7       100%        4
 Death Channel            Necr           1%         N/A       100%        6


Dungeon Overview and Level Annotations

Branches:
Dungeon (4/15)
 Temple: D:4-7

Altars:
Ashenzari
Qazlal

Annotations:
D:3 Grinder


Innate Abilities, Weirdness & Mutations

You have very sharp teeth.
Your uncanny sense of smell can sniff out nearby items.
Your experience applies equally to all skills.
You are strong-willed. (Will+)
You are weak. (Str -2)


Message History

You hit the orc priest. You bite the orc priest.
The orc priest is severely wounded.
The orc priest barely misses you. The orc hits you with a +0 mace.
* * * LOW HITPOINT WARNING * * *
You barely miss the orc priest.
The orc priest is severely wounded.
The orc priest hits you but does no damage.
The orc barely misses you.
You hit the orc priest.
The orc priest is severely wounded.
The orc priest calls down the wrath of Beogh upon you.
You resist with some effort. The orc hits you with a +0 mace!
* * * LOW HITPOINT WARNING * * *
You puncture the orc priest!
You kill the orc priest!
The orc hits you but does no damage.
You barely miss the orc priest.
The orc priest hits you but does no damage.
The orc hits you with a +0 mace.
* * * LOW HITPOINT WARNING * * *
Okay, then.
You barely miss the orc priest. Your punch misses the orc priest.
The orc priest hits you but does no damage.
The orc hits you with a +0 mace.
* * * LOW HITPOINT WARNING * * *
Throw: 3 throwing nets
Press: ? - help, Q - select action, (/) - cycle Shift-Dir - straight line, f - orc priest
Aim: an orc priest, wielding a +0 hand axe (63% to hit)
You throw a throwing net. The throwing net hits the orc priest.
The orc priest is caught in the net!
The orc priest struggles against the net.
The orc hits you but does no damage.
You barely miss the orc priest.
The orc priest struggles against the net.
The orc closely misses you.
You hit the orc priest.
The orc priest is moderately wounded.
The orc priest struggles against the net.
The orc hits you with a +0 mace!
You die...

.. .# ∆ ### #..####+####
#..+.......+ #.##.#...#.#
## ∆ #.##.#._.#.# .. ∆
#.##.#...#o### o####
#.#####..'.....@o'.#......
#........####'####....#
#######.## #..# ##...# #.#
#.## ....... ###.####.####
#.##### #............ ∆ .#
#.#..######## .# #.##.# ..
#....# #


You could see an orc priest (caught) and an orc.

Vanquished Creatures
  A phantom (D:3)
  A hound (D:4)
  2 orc priests
  Ijyb (D:3)
  An orc wizard (D:3)
  5 adders
  3 dart slugs
  6 orcs
  2 endoplasms
  4 giant cockroaches
  A hobgoblin (D:3)
  2 quokkas
  3 ball pythons
  3 bats
  A frilled lizard (D:3)
  3 goblins
  7 kobolds
  4 rats
50 creatures vanquished.

Notes
Turn   | Place    | Note
-------+----------+-------------------------------------------
     0 | D:1      | Drevant2 the Gnoll Gladiator began the quest for the Orb.
     0 | D:1      | Reached XP level 1. HP: 20/20 MP: 1/1
   392 | D:1      | Reached XP level 2. HP: 26/26 MP: 2/2
   483 | D:1      | Found a faded altar of an unknown god.
   979 | D:2      | Reached XP level 3. HP: 27/31 MP: 3/3
  1335 | D:2      | Reached skill level 1 in Invocations
  1412 | D:2      | Reached skill level 1 in Short Blades
  1412 | D:2      | Reached skill level 1 in Long Blades
  1412 | D:2      | Reached skill level 1 in Axes
  1412 | D:2      | Reached skill level 1 in Maces & Flails
  1412 | D:2      | Reached skill level 1 in Staves
  1412 | D:2      | Reached skill level 1 in Ranged Weapons
  1412 | D:2      | Reached skill level 1 in Armour
  1412 | D:2      | Reached skill level 1 in Stealth
  1412 | D:2      | Reached skill level 1 in Shields
  1412 | D:2      | Reached skill level 1 in Unarmed Combat
  1412 | D:2      | Reached skill level 1 in Spellcasting
  1412 | D:2      | Reached skill level 1 in Evocations
  1531 | D:3      | Found a stormy altar of Qazlal.
  1783 | D:3      | Reached XP level 4. HP: 38/38 MP: 5/5
  1805 | D:3      | Noticed a phantom
  1822 | D:3      | Killed a phantom
  1823 | D:3      | Reached skill level 1 in Conjurations
  1823 | D:3      | Reached skill level 1 in Hexes
  1823 | D:3      | Reached skill level 1 in Summonings
  1823 | D:3      | Reached skill level 1 in Necromancy
  1823 | D:3      | Reached skill level 1 in Translocations
  1823 | D:3      | Reached skill level 1 in Transmutations
  1823 | D:3      | Reached skill level 1 in Fire Magic
  1823 | D:3      | Reached skill level 1 in Ice Magic
  1823 | D:3      | Reached skill level 1 in Air Magic
  1823 | D:3      | Reached skill level 1 in Earth Magic
  1823 | D:3      | Reached skill level 1 in Poison Magic
  1823 | D:3      | Reached XP level 5. HP: 43/43 MP: 5/7
  2001 | D:3      | Noticed Ijyb
  2043 | D:3      | Killed Ijyb
  2200 | D:3      | Noticed Grinder
  2203 | D:3      | You fall into a shaft and drop 1 floor!
  2245 | D:4      | Reached XP level 6. HP: 50/50 MP: 8/8
  2831 | D:4      | Reached skill level 5 in Fighting
  2831 | D:4      | Reached skill level 5 in Throwing
  2893 | D:4      | Found a broken altar of Ashenzari.
  2914 | D:4      | Gained mutation: You are weak. (Str -2) [potion of
                  | mutation]
  2914 | D:4      | Gained mutation: You are strong-willed. (Will+) [potion of
                  | mutation]
  2927 | D:4      | Slain by an orc

Illustrated notes

Levels and vault maps discovered:
D:1:      lightli_arrival_chessboard, layout_rooms,
          dilly_ecumenical_altar_fadedgnrine
D:2:      minmay_wonky_spiral, layout_basic, minmay_misc_feat_more_columns,
          kennysheep_generic_room_3
D:3:      layout_loops_ring, grunt_qazlal_sundering, uniq_ijyb, uniq_grinder
D:4:      layout_loops_ring, mainiacjoe_overflow_six_doors_small,
          grunt_ministairs_10

Skill      XL: |  1  2  3  4  5  6 |
---------------+-------------------+-----
Invocations    | 1 2 |  2.2
Short Blades   | 1 2 |  2.0
Long Blades    | 1 2 |  2.0
Axes           | 1 2 |  2.0
Maces & Flails | 1 2 |  2.0
Staves         | 1 2 |  2.0
Ranged Weapons | 1 2 |  2.0
Armour         | 1 2 |  2.0
Stealth        | 1 2 |  2.0
Shields        | 1 2 |  2.0
Unarmed Combat | 1 2 |  2.0
Spellcasting   | 1 2 |  2.0
Evocations     | 1 2 |  2.0
Conjurations   | 1 |  1.6
Hexes          | 1 |  1.6
Summonings     | 1 |  1.6
Necromancy     | 1 |  1.6
Translocations | 1 |  1.6
Transmutations | 1 |  1.6
Fire Magic     | 1 |  1.6
Ice Magic      | 1 |  1.6
Air Magic      | 1 |  1.6
Earth Magic    | 1 |  1.6
Poison Magic   | 1 |  1.6
Fighting       | 5 |  5.0
Throwing       | 5 |  5.0
Polearms       | |  6.8
Dodging        | |  6.8

Action                     |  1- 3 |  4- 6 || total
---------------------------+-------+-------++-------
  Melee: Trident           |    80 |   171 ||   251
         Bite              |     3 |    13 ||    16
         Punch             |     1 |     1 ||     2
  Throw: Throwing net      |       |     1 ||     1
    Use: Potion            |       |     5 ||     5
         Scroll            |       |     2 ||     2
 Armour: Leather armour    |     3 |       ||     3
         Chain mail        |    17 |    71 ||    88
         Skin              |       |    40 ||    40
  Dodge: Dodged            |    27 |    46 ||    73

Table legend: (Time is in decaauts)
 A = Elapsed time spent in this place.
 B = Non-inter-level travel time spent in this place.
 C = Inter-level travel time spent in this place.
 D = Time resting spent in this place.
 E = Time spent auto-exploring this place.
 F = Levels seen in this place.
 G = Mean time per level.
                   A        B        C        D        E       F      G
               +--------+--------+--------+--------+--------+-----+--------+
         Total |   2918 |   2567 |    351 |    416 |   1668 |   4 |  729.5 |
       Dungeon |   2918 |   2567 |    351 |    416 |   1668 |   4 |  729.5 |
               +--------+--------+--------+--------+--------+-----+--------+

Top non-repeatable levels by time:
     D:2: 1250 daAuts
     D:3: 740 daAuts
     D:1: 599 daAuts
     D:4: 328 daAuts
